 Dungeon Crawl Stone Soup version 0.21-a0-401-g0b6bec4 (webtiles) character file.

62 salmon the Chopper (level 4, -1/38 HPs)
             Began as a Human Berserker on Oct 24, 2017.
             Was a Follower of Trog.
             Slain by a gnoll
             ... wielding a +0 halberd
              (6 damage)
             ... on level 2 of the Dungeon.
             The game lasted 00:03:31 (1451 turns).

salmon the Chopper (Human Berserker)                Turns: 1451, Time: 00:03:32

Health: -1/38      AC:  7    Str: 18    XL:     4   Next: 28%
Magic:  4/4        EV: 10    Int:  8    God:    Trog [*.....]
Gold:   67         SH:  0    Dex: 12    Spells: 3/3 levels left

rFire    . . .     SeeInvis .   b - -2 hand axe (curse)
rCold    . . .     Gourm    .   (no shield)
rNeg     . . .     Faith    .   e - +1 scale mail
rPois    .         Spirit   .   (no helmet)
rElec    .         Reflect  .   (no cloak)
rCorr    .         Harm     .   (no gloves)
MR       .....                  (no boots)
Stlth    ..........             (no amulet)
HPRegen  0.12/turn              (no ring)
MPRegen  0.09/turn              (no ring)

@: berserk cooldown, slowed, very slow
A: blurry vision 1, robust 1
a: Berserk, Burn Spellbooks, Renounce Religion


You were on level 2 of the Dungeon.
You worshipped Trog.
Trog was aware of your devotion.
You were hungry.

You visited 1 branch of the dungeon, and saw 2 of its levels.

You collected 67 gold pieces.

Inventory:

Hand Weapons
 a - a +0 hand axe
 b - a cursed -2 hand axe (weapon)
 d - a +0 hunting sling
Armour
 e - a +1 scale mail (worn)
Scrolls
 h - a scroll of identify
Comestibles
 c - 3 bread rations
 f - 4 fruits


   Skills:
 - Level 3.0 Fighting
 * Level 4.3 Axes
 + Level 2.8 Armour
 - Level 2.0 Dodging


You had 3 spell levels left.
You didn't know any spells.

Dungeon Overview and Level Annotations

Branches:
Dungeon (2/15)

Altars:
Xom


Innate Abilities, Weirdness & Mutations

Scrolls take you a little longer to read.
You are robust. (+10% HP)


Message History

You feel yourself slow down. The bat hits you but does no damage.
The gnoll hits you with a halberd!
* * * LOW HITPOINT WARNING * * *
Unknown command.
You closely miss the gnoll. You hit the bat. The bat barely misses you.
The bat hits you but does no damage. The bat barely misses you. x2
The gnoll hits you but does no damage.
Unknown command.
You aren't carrying any items that you can evoke.
It was a potion of mutation.
You feel extremely strange.
Your vision blurs.
You feel robust. The bat hits you.
* * * LOW HITPOINT WARNING * * *
The gnoll barely misses you.
Unknown command.
You barely miss the gnoll. The bat barely misses you.
The gnoll barely misses you. The gnoll closely misses you.
Your scale mail prevents you from hitting the gnoll.
The bat hits you but does no damage. The gnoll hits you with a halberd.
You die...

#.#.#
########.#.#
...........#
#######...######
#.........
#..[###### #...#
#.).# #@b.#
#g..# #...#
#...# #...#
....# ...## ####


You could see a gnoll and a bat.

Vanquished Creatures
  3 gnolls (D:2)
  A worm (D:2)
  A dart slug (D:1)
  2 leopard geckos (D:2)
  A giant cockroach (D:1)
  3 goblins (D:1)
  2 hobgoblins
  2 jackals (D:1)
  3 kobolds
  2 quokkas (D:2)
  A bat (D:1)
  A frilled lizard (D:2)
  2 rats (D:2)
24 creatures vanquished.

Notes
Turn   | Place    | Note
-------+----------+-------------------------------------------
     0 | D:1      | salmon the Human Berserker began the quest for the Orb.
     0 | D:1      | Reached XP level 1. HP: 18/18 MP: 1/1
   389 | D:1      | Reached XP level 2. HP: 24/24 MP: 2/2
  1131 | D:2      | Found a shimmering altar of Xom.
  1199 | D:2      | Reached XP level 3. HP: 29/29 MP: 3/3
  1439 | D:2      | Reached skill level 4 in Axes
  1446 | D:2      | Reached XP level 4. HP: 30/35 MP: 4/4
  1449 | D:2      | Gained mutation: Scrolls take you a little longer to read. [potion of mutation]
  1449 | D:2      | Gained mutation: You are robust. (+10% HP) [potion of mutation]
  1451 | D:2      | Slain by a gnoll

Vault maps used:
D:1:      dpeg_arrival_three_bigger_balls, minmay_misc_feat_chi
D:2:      xom_teletrap_fun, uniq_sigmund

Skill      XL: |  1  2  3 |
---------------+----------+-----
Axes           | 4 |  4.3
Fighting       | |  3.0
Armour         | |  2.8
Dodging        | |  2.0

Action                   |  1- 3 |  4- 6 || total
-------------------------+-------+-------++-------
Melee: Hand axe          |    83 |     3 ||    86
Invok: Berserk           |     2 |       ||     2
  Use: Scroll            |     3 |       ||     3
       Potion            |       |     1 ||     1
  Eat: Chunk             |     3 |       ||     3
Armor: Scale mail        |    40 |     4 ||    44
       Animal skin       |     1 |       ||     1
Dodge: Dodged            |    59 |     8 ||    67

Table legend:
 A = Spawn XP
 B = Non-spawn XP
 C = Spawn XP percentage of total XP
 D = Spawn monster count
 E = Non-spawn monster count
 F = Spawn count percentage of total count
 G = Total turns spent on level
                    A         B        C        D         E        F      G
               +---------+---------+-------+---------+---------+-------+---------
         Total |       0 |      89 |   0.0 |       0 |      24 |   0.0 |  1451
               +---------+---------+-------+---------+---------+-------+---------
           D:1 |       0 |      21 |   0.0 |       0 |      10 |   0.0 |  1129
           D:2 |       0 |      68 |   0.0 |       0 |      14 |   0.0 |   322
               +---------+---------+-------+---------+---------+-------+---------
